 Dungeon Crawl Stone Soup version 0.31-a0-981-geadf994542 (webtiles) character file.

Game seed: 6594212413780335643

112324 Pooter the Severer (level 16, -1/149 HPs)
             Began as a Minotaur Berserker on Oct 31, 2023.
             Was a High Priest of Trog.
             Killed from afar by Louise (32 damage)
             ... with a bolt of lightning
             ... on level 14 of the Dungeon.
             The game lasted 02:32:51 (29271 turns).

Pooter the Severer (Minotaur Berserker)            Turns: 29271, Time: 02:32:52

Health: -1/149     AC: 31    Str: 29    XL:     16   Next: 11%
Magic:  15/15      EV:  9    Int:  4    God:    Trog [*****.]
Gold:   1407       SH:  5    Dex: 11    Spells: 15/15 levels left

rFire   + + .        a - +5 battleaxe (heavy)
rCold   + + +        (shield currently unavailable)
rNeg    . . .        q - +9 plate armour of Ethics {rF+}
rPois   +            (helmet restricted)
rElec   .            y - +2 cloak {rPois}
rCorr   .            d - +2 pair of gloves
SInv    +            H - +1 pair of boots of Sif Muna's Envy {rF+ rC++}
Will    +....        E - amulet of reflection Stlth
                     I - ring of protection from cold
HPRegen 0.44/turn    S - ring of see invisible
MPRegen 0.14/turn

%: reflection
@: on berserk cooldown, hasted and slowed
A: horns 2, retaliatory headbutt
a: Renounce Religion, Berserk, Trog's Hand, Brothers in Arms


You were on level 14 of the Dungeon.
You worshipped Trog.
Trog was extremely pleased with you.
You visited 3 branches of the dungeon, and saw 21 of its levels.
You visited the Abyss 1 time.
You also visited: Sewer, Bailey, Gauntlet and Volcano.

You collected 2344 gold pieces.
You spent 937 gold pieces at shops.

Inventory:

Hand Weapons
 a - a +5 heavy battleaxe (weapon)
   (You took it off Urug on level 3 of the Lair of Beasts)
 b - a +0 arbalest
   (You took it off an orc warrior on level 2 of the Orcish Mines)
 B - a +6 battleaxe
   (You took it off an orc warlord in a bailey)
 T - a +2 battleaxe of flaming
   (Trog gifted it to you on level 5 of the Lair of Beasts)
 V - a +2 heavy morningstar
   (You found it on level 12 of the Dungeon)
Missiles
 i - 5 silver javelins
 l - 35 poisoned darts
 s - 14 boomerangs (quivered)
 A - 2 curare-tipped darts
 Z - 6 javelins
Armour
 d - a +2 pair of gloves (worn)
   (You found it on level 13 of the Dungeon)
 q - the +9 plate armour of Ethics (worn) {rF+}
   (You found it on level 13 of the Dungeon)

   rF+:       It protects you from fire.
 y - a +2 cloak of poison resistance (worn)
   (You bought it in a shop on level 2 of the Orcish Mines)
 H - the +1 pair of boots of Sif Muna's Envy (worn) {rF+ rC++}
   (You acquired it in a bailey)

   rF+:       It protects you from fire.
   rC++:      It greatly protects you from cold.
 W - the +3 chain mail "Uwu Bira" {*Corrode rN+++ Will+}
   (You found it on level 5 of the Lair of Beasts)

   rN+++:     It renders you almost immune to negative energy.
   Will+:     It increases your willpower.
   *Corrode:  It may corrode you when you take damage.
 X - +0 pearl dragon scales
   (You found it on level 5 of the Lair of Beasts)
Jewellery
 p - the ring "Raikafraix" {rElec Str+5 Int+6 Dex-5}
   (You found it in a Gauntlet)

   [ring of intelligence]

   Str+5:     It affects your strength (+5).
   Int+6:     It affects your intelligence (+6).
   Dex-5:     It affects your dexterity (-5).
   rElec:     It insulates you from electricity.
 E - an amulet of reflection (around neck)
   (You found it on level 7 of the Dungeon)
 F - a ring of protection from fire
   (You found it on level 13 of the Dungeon)
 I - a ring of protection from cold (left hand)
   (You found it on level 2 of the Dungeon)
 O - an amulet of regeneration
   (You bought it in a shop on level 10 of the Dungeon)
 S - a ring of see invisible (right hand)
   (You bought it in a shop on level 2 of the Orcish Mines)
Wands
 c - a wand of roots (7)
   (You found it on level 4 of the Dungeon)
 f - a wand of flame (31)
   (You took it off Duvessa on level 4 of the Dungeon)
 u - a wand of paralysis (19)
   (You found it on level 2 of the Lair of Beasts)
 x - a wand of mindburst (9)
   (You found it on level 6 of the Dungeon)
 L - a wand of quicksilver (11)
   (You took it off a kobold on level 10 of the Dungeon)
 M - a wand of polymorph (4)
   (You found it on level 5 of the Lair of Beasts)
Scrolls
 k - 2 scrolls of silence
 o - 6 scrolls of vulnerability {!r}
 r - 6 scrolls of poison
 t - 2 scrolls of teleportation {@r4}
 D - a scroll of fog
 G - 2 scrolls of blinking
 K - 4 scrolls of immolation {!r}
 Y - 3 scrolls of butterflies
Potions
 e - 11 potions of curing {@q1}
 g - 6 potions of haste {@q3}
 j - 5 potions of mutation {!q}
 m - 2 potions of resistance
 n - 2 potions of might
 v - 2 potions of attraction {!q}
 w - a potion of brilliance {unknown}
 z - 4 potions of cancellation
 C - 2 potions of invisibility
 N - 3 potions of lignification {!q}
 P - a potion of heal wounds {@q2}
 U - a potion of experience {unknown}
Miscellaneous
 J - a tin of tremorstones (inert)
   (You found it in a bailey)
 Q - a phantom mirror (inert)
   (You found it on level 5 of the Lair of Beasts)
 R - a box of beasts
   (You found it on level 13 of the Dungeon)


   Skills:
 + Level 15.2 Fighting
 - Level 20.0 Axes
 - Level 18.0 Ranged Weapons
 * Level 7.6 Armour
 + Level 4.7 Dodging
 - Level 2.4 Stealth
 + Level 9.4 Evocations


You had 15 spell levels left.
You didn't know any spells.
Your spell library was empty.

Dungeon Overview and Level Annotations

Branches:
Dungeon (14/15) Zot: 26296  Temple (0/1) D:7            Lair (5/5) D:9 Zot: 22116
 Shoals (0/4) Lair:3        Snake (0/4) Lair:2        Slime (0/5) Lair:4
    Orc (2/2) D:9 Zot: 7103     Elf (0/3) Orc:2        Vaults (0/5) D:13
  Sewer (visited)          Bailey (visited)         Volcano (visited)
Gauntlet (visited)

Altars:
Ashenzari
Fedhas
Makhleb
Ru
Wu Jian
Yredelemnul
The Shining One
Jiyva

Shops:
D:10 ![=(   Orc:2 ([*:=

Portals:
Hell: Lair:5
Abyss: D:6

Annotations:
D:14 Louise


Innate Abilities, Weirdness & Mutations

You have a pair of horns on your head.
You reflexively headbutt those who attack you in melee.


Message History

You destroy the small abomination!
Trog accepts your kill.
The substance of the Abyss twists violently, and a gateway leading out appears!
You pass through the gate.
Welcome back to the Dungeon!
Level annotation: Louise You feel a strong urge to attack something.
You are no longer berserk.
You are exhausted.
You feel yourself slow down.
You carve Louise like a ham!!!
You feel the effects of Trog's Hand fading.
Louise hits you with a +3 trident of protection!
* * * LOW HITPOINT WARNING * * *
Louise blocks your attack. Louise hits you but does no damage.
Louise hits you with a +3 trident of protection!
* * * LOW HITPOINT WARNING * * *
Louise blocks your attack. Louise completely misses you.
You furiously retaliate!
You headbutt Louise!
Unknown command.
Louise blocks your attack.
Your headbutt misses Louise. Louise barely misses you.
Louise blocks your attack.
You headbutt Louise, but do no damage.
Your skin stops crawling.
You feel less strong-willed.
Louise hits you with a +3 trident of protection!
* * * LOW HITPOINT WARNING * * *
You hit Louise but do no damage. Your headbutt misses Louise.
Louise hits you but does no damage.
Unknown command.
You hit Louise but do no damage. Louise blocks your attack.
Louise hits you but does no damage. Louise blocks your attack.
You headbutt Louise, but do no damage. Louise hits you but does no damage.
Louise blocks your attack.
Your headbutt misses Louise. Louise barely misses you. You furiously retaliate!
You headbutt Louise!! Louise blocks your attack.
Louise gestures wildly while chanting.
Louise blinks!
The tremorstone explodes into fragments!
The burst of rock shards engulfs Louise but does no damage. x3
The burst of rock shards engulfs you but does no damage.
The burst of rock shards engulfs Louise but does no damage.
The tin is emptied!
Aiming: Phantom Mirror
Press: ? - help, Dir - move target, f - Louise
Aim: Louise, wielding a +3 trident of protection, wearing a +0 plate armour and wearing a +0 tower shield (severely wounded)
You reflect Louise with the mirror!
The mirror clouds!
Louise casts a spell at you. The bolt of lightning hits you!!
You die...

##......#....#.# ##.#######
........#....#.# #.......#
........###'##.### #.......#
.................#####.......#
....:........................#
.........######'###..........#
.........#........#..........#
#........#........#..........#
#...<....#...@..@.#..........#
#......))#..@.....#..........#
#.....)..#........#..........#
#......).#.....!..#.........##
.........##########.........#
............................#
............................#
........8.8.8...............#
......................#######


You could see Louise (ally target) and the friendly Louise (summoned, drained).

Vanquished Creatures
  A tentacled starspawn (Abyss:2)
  Kirke (D:13)
  A frost giant (D:13)
  2 orc warlords
  A very ugly thing (Abyss:2)
  Azrael (D:12)
  A minotaur (Gauntlet)
  2 dire elephants (Lair:5)
  A red draconian (Volcano)
  Josephine (D:11)
  An entropy weaver (shapeshifter) (D:14)
  7 vault guards (D:13)
  11 hydras
  An ice dragon (D:13)
  A catoblepas (Lair:5)
  4 centaur warriors
  7 boulder beetles
  3 two-headed ogres
  2 thrashing horrors (Abyss:2)
  4 orc high priests (Orc:2)
  An occultist (Lair:5)
  Urug (Lair:3)
  Nergalle (D:12)
  3 skysharks
  A sixfirhy (Lair:5)
  2 skeletal warriors (D:12)
  A salamander mystic (Volcano)
  Pikel (D:6)
  5 orc knights
  8 cyclopes
  7 orc sorcerers
  2 ugly things (D:12)
  A worldbinder (Abyss:2)
  8 elephants
  5 salamanders (Volcano)
  7 black mambas
  An ice statue (D:13)
  3 manticores
  A merfolk siren (Lair:3)
  Maurice (D:11)
  A gargoyle (D:12)
  Joseph (D:8)
  The ghost of BeKind the Chiller, a novice BaIE of Gozag (D:6)
  6 rime drakes
  3 orange demons (Lair:5)
  Maggie (D:6)
  2 kobold demonologists (D:12)
  Psyche (D:12)
  An efreet (Gauntlet)
  15 cane toads
  2 ice devils (Lair:5)
  13 komodo dragons
  3 freezing wraiths
  An ancient zyme (Abyss:2)
  A tengu conjurer (D:12)
  A queen bee (Lair:1)
  8 trolls
  A hellwing (Lair:5)
  2 polar bears
  A hornet (shapeshifter) (D:14)
  A hornet (D:9)
  2 large abominations (Abyss:2)
  4 blink frogs (Lair:5)
  A harpy skeleton (Abyss:2)
  8 slime creatures (D:12)
  4 vampires
  2 water elementals (D:13)
  3 shadows
  43 yaks
  9 wraiths
  2 ynoxinuls (Abyss:2)
  7 fire elementals
  6 wyverns
  3 hogs (D:13)
  6 basilisks
  6 fire bats (Volcano)
  A steam dragon (D:9)
  2 golden eyes (Abyss:2)
  5 humans (D:13)
  A chaos spawn (Gauntlet)
  14 vampire mosquitoes
  3 neqoxecs
  4 acid dragons
  2 swamp worms (Gauntlet)
  A warg (Orc:1)
  4 nagas (Lair:2)
  8 water moccasins
  8 hell hounds
  Duvessa (D:4)
  A black bear (D:5)
  42 orc warriors
  21 ice beasts
  An ogre (Orc:1)
  A sky beast (D:7)
  13 centaurs
  19 wolves
  21 starcursed masses (Abyss:2)
  5 kobold brigands
  Blork the orc (D:5)
  14 bullfrogs
  3 small abominations
  2 scorpions (D:6)
  Dowan (D:4)
  32 killer bees
  6 electric eels
  2 howler monkeys
  8 lava snakes (Volcano)
  6 hounds
  21 orc priests
  4 jellies
  An iron imp (Abyss:2)
  A gnoll bouda (D:10)
  Natasha (thrice) (D:4)
  3 iguanas (D:5)
  23 orc wizards
  A hell rat (Sewer)
  16 gnolls
  7 adders
  A river rat (Sewer)
  A shadow imp (D:7)
  2 white imps
  3 ufetubi (D:6)
  A worm (D:2)
  3 dart slugs
  97 orcs
  6 endoplasms
  10 hobgoblins
  2 quokkas (D:3)
  3 ball pythons
  3 bats
  3 frilled lizards (D:1)
  17 goblins
  24 kobolds
  14 rats
  A spectral weapon (Gauntlet)
809 creatures vanquished.

Vanquished Creatures (others)
  A water elemental (D:13)
  A vampire mosquito (D:12)
  An electric eel (D:13)
3 creatures vanquished.

Grand Total: 812 creatures vanquished

Notes
Turn   | Place    | Note
-------+----------+-------------------------------------------
     0 | D:1      | Pooter the Minotaur Berserker began the quest for the Orb.
     0 | D:1      | Reached XP level 1. HP: 19/19 MP: 0/0
   165 | D:1      | Reached XP level 2. HP: 21/27 MP: 1/1
   421 | D:1      | Reached skill level 4 in Axes
   427 | D:1      | Reached skill level 1 in Stealth
   836 | D:2      | Reached XP level 3. HP: 33/33 MP: 2/2
  1602 | D:3      | Reached ** piety under Trog
  1685 | D:3      | Found a glowing drain.
  1696 | Sewer    | Entered a sewer
  1710 | Sewer    | Reached XP level 4. HP: 40/40 MP: 3/3
  2259 | D:3      | Reached skill level 5 in Axes
  2364 | D:4      | Noticed Natasha
  2370 | D:4      | Killed Natasha
  2371 | D:4      | Reached XP level 5. HP: 47/47 MP: 4/4
  2411 | D:4      | Reached skill level 1 in Ranged Weapons
  2519 | D:4      | Noticed Dowan
  2521 | D:4      | Noticed Duvessa
  2531 | D:4      | Killed Duvessa
  2532 | D:4      | Reached skill level 5 in Fighting
  2532 | D:4      | Reached skill level 6 in Axes
  2532 | D:4      | Reached XP level 6. HP: 56/56 MP: 5/5
  2539 | D:4      | Killed Dowan
  2600 | D:4      | Noticed Natasha
  2609 | D:4      | Killed Natasha
  2721 | D:4      | Noticed Natasha
  2726 | D:4      | Killed Natasha
  2906 | D:4      | Reached XP level 7. HP: 61/61 MP: 6/6
  3101 | D:5      | Entered Level 5 of the Dungeon
  3183 | D:5      | Reached skill level 7 in Axes
  3203 | D:5      | Noticed Blork the orc
  3208 | D:5      | Killed Blork the orc
  3251 | D:5      | Identified the +7 long sword "Qineeh" {freeze, rN+}
  3470 | D:5      | Reached skill level 5 in Ranged Weapons
  3904 | D:6      | Noticed Pikel
  3946 | D:6      | Killed Pikel
  3947 | D:6      | Reached skill level 8 in Axes
  3947 | D:6      | Reached XP level 8. HP: 71/71 MP: 7/7
  4058 | D:6      | Reached skill level 9 in Axes
  4150 | D:6      | Found a transporter.
  4219 | D:6      | Noticed Maggie
  4225 | D:6      | Killed Maggie
  4288 | D:6      | Reached XP level 9. HP: 65/79 MP: 8/8
  4432 | D:6      | Found a glowing golden altar of the Shining One.
  4690 | D:6      | Found a transporter.
  4690 | D:6      | Found a one-way gate to the infinite horrors of the Abyss.
  4691 | D:6      | Noticed BeKind's ghost (novice BaIE)
  4975 | D:6      | Killed BeKind's ghost
  4976 | D:6      | Reached skill level 10 in Axes
  5184 | D:7      | Found a blossoming altar of Fedhas.
  5641 | D:7      | Reached skill level 11 in Axes
  5750 | D:7      | Found a staircase to the Ecumenical Temple.
  6138 | D:8      | Reached *** piety under Trog
  6149 | D:8      | Noticed Joseph
  6161 | D:8      | Killed Joseph
  6162 | D:8      | Reached XP level 10. HP: 11/90 MP: 9/9
  6285 | D:8      | Found a flagged portal.
  6292 | Bailey   | Entered a bailey
  6489 | Bailey   | Upgraded the game from 0.31-a0-978-g1e143483b6 to
                  | 0.31-a0-981-geadf994542
  6614 | Bailey   | Noticed an orc knight
  6639 | Bailey   | Killed an orc knight
  6640 | Bailey   | Reached skill level 12 in Axes
  6640 | Bailey   | Reached skill level 10 in Ranged Weapons
  6739 | Bailey   | Noticed an orc warlord
  6774 | Bailey   | Killed an orc warlord
  6968 | Bailey   | Acquired the +1 pair of boots of Sif Muna's Envy {rF+ rC++}
  7720 | D:9      | Reached skill level 1 in Evocations
  7828 | D:9      | Reached skill level 13 in Axes
  7863 | D:9      | Found an ornate altar of the Wu Jian Council.
  7895 | D:9      | Noticed a centaur warrior
  7905 | D:9      | Killed a centaur warrior
  7906 | D:9      | Reached XP level 11. HP: 73/99 MP: 10/10
  8157 | D:9      | Found a broken altar of Ashenzari.
  8172 | D:9      | Found a staircase to the Orcish Mines.
  8330 | D:12     | Identified the "Ewodept"
  8330 | D:13     | Identified the of Mokhlephy
  8330 | Gauntlet | Identified the "Beereacu"
  8330 | Orc:1    | Entered Level 1 of the Orcish Mines
  8330 | Orc:1    | Noticed an orc sorcerer
  8330 | Orc:1    | Noticed an orc sorcerer
  8335 | Orc:1    | Killed an orc sorcerer
  8339 | Orc:1    | Killed an orc sorcerer
  8340 | Orc:1    | Reached skill level 10 in Fighting
  8447 | D:9      | Reached **** piety under Trog
  8626 | Orc:1    | Noticed an orc sorcerer
  8636 | Orc:1    | Killed an orc sorcerer
  9021 | Orc:2    | Entered Level 2 of the Orcish Mines
  9201 | Orc:2    | Noticed an orc knight
  9262 | Orc:1    | Killed an orc knight
  9263 | Orc:1    | Reached skill level 14 in Axes
  9326 | Orc:2    | Noticed an orc high priest
  9384 | Orc:2    | Killed an orc high priest
  9541 | Orc:2    | Noticed an orc warlord
  9588 | Orc:1    | HP: 2/101 [orc warlord/+3 long sword of protection (20)]
  9589 | Orc:1    | Killed an orc warlord
  9863 | Orc:2    | Noticed an orc knight
  9995 | Orc:1    | Killed an orc knight
 10043 | Orc:2    | Noticed an orc sorcerer
 10044 | Orc:2    | Noticed an orc sorcerer
 10272 | Orc:2    | Killed an orc sorcerer
 10272 | Orc:2    | Killed an orc sorcerer
 10343 | Orc:2    | Reached XP level 12. HP: 107/108 MP: 11/11
 10404 | Orc:2    | Noticed an orc high priest
 10623 | Orc:2    | Killed an orc high priest
 10624 | Orc:2    | Reached skill level 15 in Axes
 10660 | Orc:2    | Noticed an orc high priest
 10829 | Orc:2    | Killed an orc high priest
 10882 | Orc:2    | Noticed an orc high priest
 10895 | Orc:2    | Killed an orc high priest
 12964 | Orc:2    | Found a staircase to the Elven Halls.
 12971 | Orc:2    | Found Pouh's Jewellery Boutique.
 12980 | Orc:2    | Bought a ring of see invisible for 210 gold pieces
 13104 | Orc:2    | Found Retsuah's Antique Armour Emporium.
 13105 | Orc:2    | Found Rucliok's Antique Weapon Emporium.
 13107 | Orc:2    | Found Capufich's General Store.
 13107 | Orc:2    | Found Giziv's Book Shoppe.
 13122 | Orc:2    | Bought a glowing cloak for 142 gold pieces
 13494 | D:9      | Found a staircase to the Lair.
 13645 | D:10     | Entered Level 10 of the Dungeon
 13676 | D:10     | Found Jaenyh's Weapon Shop.
 14161 | D:10     | Found a burning altar of Makhleb.
 14203 | D:10     | Reached skill level 5 in Evocations
 14233 | D:10     | Found Lirghurchi's Antique Armour Shoppe.
 14314 | D:10     | Noticed a boulder beetle
 14327 | D:10     | Killed a boulder beetle
 14470 | D:10     | Found Becw's Distillery.
 14478 | D:10     | Bought a potion of curing for 39 gold pieces
 14478 | D:10     | Bought a potion of curing for 39 gold pieces
 14478 | D:10     | Bought a potion of lignification for 39 gold pieces
 14478 | D:10     | Bought 2 potions of curing for 78 gold pieces
 14609 | D:10     | Found a basalt altar of Yredelemnul.
 14634 | D:10     | Found a sacrificial altar of Ru.
 14670 | D:10     | Found Qirewk's Jewellery Boutique.
 14678 | D:10     | Bought an amulet of regeneration for 390 gold pieces
 14777 | Lair:1   | Entered Level 1 of the Lair of Beasts
 14811 | Lair:1   | Reached skill level 16 in Axes
 15317 | Lair:1   | Reached XP level 13. HP: 108/117 MP: 12/12
 15888 | Lair:2   | Reached ***** piety under Trog
 16044 | Lair:2   | Found a staircase to the Snake Pit.
 16913 | Lair:2   | Reached skill level 15 in Ranged Weapons
 17209 | Lair:3   | Reached skill level 17 in Axes
 17634 | Lair:3   | Noticed Urug
 17640 | Lair:3   | Killed Urug
 17894 | Lair:3   | Found a staircase to the Shoals.
 18711 | Lair:4   | Found a viscous altar of Jiyva.
 18712 | Lair:4   | Found a staircase to the Slime Pits.
 19074 | Lair:4   | Found a dark tunnel.
 19090 | Volcano  | Entered a volcano
 19111 | Volcano  | Reached XP level 14. HP: 124/127 MP: 13/13
 19341 | Volcano  | Reached skill level 18 in Axes
 19567 | Volcano  | Found a bloodstained altar of Trog.
 19615 | Volcano  | Found a bloodstained altar of Trog.
 20080 | Lair:5   | Entered Level 5 of the Lair of Beasts
 21732 | Lair:5   | Identified the +3 chain mail "Uwu Bira" {*Corrode rN+++
                  | Will+}
 22525 | Lair:5   | Found a burning altar of Makhleb.
 22957 | Lair:5   | Received a gift from Trog
 23102 | Lair:5   | Found a gateway to Hell.
 23489 | D:11     | Noticed Josephine
 23499 | D:11     | Killed Josephine
 23500 | D:11     | Reached skill level 19 in Axes
 24034 | D:11     | Noticed Maurice
 24036 | D:11     | Killed Maurice
 24364 | D:12     | Noticed Psyche
 24377 | D:12     | Killed Psyche
 24607 | D:12     | Noticed Azrael
 24630 | D:12     | Reached XP level 15. HP: 138/138 MP: 14/14
 24637 | D:12     | Killed Azrael
 24638 | D:12     | Noticed Nergalle
 24644 | D:12     | Killed Nergalle
 25085 | D:12     | Identified the +3 long sword "Hoilaat" {vamp, Will+ MP+9}
 26486 | D:13     | Identified the +9 plate armour of Ethics {rF+}
 26502 | D:13     | Found a gate to the Vaults.
 26511 | D:13     | Identified the +2 plate armour of New Discoveries {Will+}
 26653 | D:13     | Found a gate leading to a gauntlet.
 26666 | Gauntlet | Entered a Gauntlet
 26666 | Gauntlet | Found a runed translucent door.
 26666 | Gauntlet | Found a transporter.
 26666 | Gauntlet | Found a runed translucent door.
 26666 | Gauntlet | Found a transporter.
 26668 | Gauntlet | Found a transporter.
 26669 | Gauntlet | Found a transporter.
 26672 | Gauntlet | Found a transporter.
 26672 | Gauntlet | Found a transporter.
 26745 | Gauntlet | Found a transporter.
 26745 | Gauntlet | Found a transporter.
 26763 | Gauntlet | Found a transporter.
 26774 | Gauntlet | Identified the ring "Raikafraix" {rElec Str+5 Int+6 Dex-5}
 26784 | Gauntlet | Found a transporter.
 26787 | Gauntlet | Found a transporter.
 26787 | Gauntlet | Found a transporter.
 26946 | Gauntlet | Identified the +5 scale mail of Makhleb's Esteem {rPois
                  | Will- rCorr Dex+4 Stlth-}
 27199 | D:13     | Reached skill level 20 in Axes
 27590 | D:13     | Noticed Kirke
 27598 | D:13     | Killed Kirke
 27796 | D:13     | Reached skill level 5 in Armour
 28065 | D:13     | Noticed a frost giant
 28076 | D:13     | Killed a frost giant
 28526 | D:14     | Reached skill level 15 in Fighting
 28967 | D:14     | Received a gift from Trog
 29030 | D:14     | Noticed Louise
 29040 | Abyss:2  | Cast into level 2 of the Abyss (Louise)
 29190 | Abyss:2  | Noticed a tentacled starspawn
 29197 | Abyss:2  | Killed a tentacled starspawn
 29198 | Abyss:2  | Reached XP level 16. HP: 54/149 MP: 15/15
 29258 | D:14     | Escaped the Abyss
 29271 | D:14     | Killed from afar by Louise

Illustrated notes

Levels and vault maps discovered:
D:1:      scummos_arrival_forest, layout_loops_ring
D:2:      layout_basic
D:3:      layout_basic, cheibrodos_sewer_entry_sluice, minmay_fountain_box,
          grunt_decor_clamped
D:4:      layout_loops_ring, uniq_duvessa, uniq_natasha
D:5:      layout_loops_ring, uniq_blork_the_orc
D:6:      layout_basic, tso_altar, gammafunk_ghost_abyssal_escape, uniq_maggie,
          uniq_pikel
D:7:      layout_gridville, kennysheep_mini, temple_hall
D:8:      layout_basic, enter_bailey_2, uniq_joseph
D:9:      layout_roguey [special_room_orc], nicolae_wu_jian_wuxing_cycle,
          nicolae_overflow_hidden_temple, david_lair_shrubbed, st_stairs_14,
          minmay_misc_feat_rows
D:10:     layout_cave_pools, grunt_temple_overflow_open,
          nicolae_ru_path_of_blood, serial_shops, shop,
          nicolae_shop_statue_plus, shop,
          nicolae_shop_temple_entry_statues_fountains
D:11:     layout_roguey, minmay_misc_feat_encased, uniq_maurice, uniq_josephine
D:12:     minmay_the_grid_octo_tiled_squarecenter_mashed
          [minmay_the_grid_octo_clover, minmay_the_grid_octo_horde,
          minmay_the_grid_octo_checkered, minmay_the_grid_octo_vomiting_pacman,
          minmay_the_grid_square_5x5_megaprize_checkered,
          minmay_the_grid_square_5x5_empty, minmay_the_grid_square_5x5_inner_v,
          minmay_the_grid_square_5x5_eight,
          minmay_the_grid_square_5x5_pentomino_r], layout_layer_cave,
          uniq_psyche, uniq_nergalle, uniq_azrael
D:13:     minmay_twisted_water, layout_basic, ximxim_vaults_locker_room,
          gauntlet_entry_generic, uniq_kirke
D:14:     layout_irregular_city, serial_column_ruins, column_ruins_grid_1,
          column_ruins_corridor_corner, column_ruins_grid_4,
          column_ruins_open_small, column_ruins_open_tiny,
          column_ruins_corridor_straight, column_ruins_open_medium,
          chequers_serial_rivers_micro_b, uniq_louise
Lair:1:   layout_roguey [special_room_bee], lemuel_fruit_tree
Lair:2:   layout_cave_pods, minmay_snake_entry_guardpost_small
Lair:3:   layout_cave_pods, minmay_shoals_entry_lonely_mermaid,
          grunt_megastairs_3, uniq_urug
Lair:4:   layout_cellular_growth, slime_entry_1, nicolae_volcano_entry_hallway
Lair:5:   evil_forest, layout_hall_layers, infiniplex_staircase_pool_2,
          grunt_megastairs_1, serial_bayou_shore_a
Orc:1:    layout_caves
Orc:2:    st_orc_congregation, layout_caves, serial_shops, shop, special_room

Skill      XL: |  1  2  3  4  5  6  7  8  9 10 11 12 13 14 15 |
---------------+----------------------------------------------+-----
Axes           | 4 5 6 8 9 11 13 14 16 17 19 20 | 20.0
Stealth        | 1 2 |  2.4
Fighting       | 4 5 6 7 8 9 10 11 12 14 15 | 15.2
Ranged Weapons | 3 6 7 9 11 12 14 15 17 18 | 18.0
Evocations     | 1 3 5 6 8 9 |  9.4
Armour         | 7 |  7.6
Dodging        | 4 |  4.7

Action                     |  1- 3 |  4- 6 |  7- 9 | 10-12 | 13-15 | 16-18 || total
---------------------------+-------+-------+-------+-------+-------+-------++-------
  Melee: Hand axe          |    90 |    44 |       |     8 |       |       ||   142
         Headbutt          |    11 |    10 |    21 |    90 |   170 |    12 ||   314
         War axe           |       |    51 |   159 |    12 |    11 |       ||   233
         Punch             |       |     1 |     2 |       |       |       ||     3
         Battleaxe         |       |       |       |   482 |   697 |    37 ||  1216
         Dire flail        |       |       |       |       |    28 |       ||    28
   Fire: Sling             |       |    22 |    21 |    17 |       |       ||    60
         Orcbow            |       |       |       |    62 |       |       ||    62
         Arbalest          |       |       |       |    89 |   189 |       ||   278
  Throw: Dart              |       |       |     1 |    13 |    13 |       ||    27
         Boomerang         |       |       |       |     4 |    11 |       ||    15
 Invoke: Berserk           |       |     4 |     8 |    27 |    19 |     1 ||    59
         Trog's Hand       |       |     3 |     9 |    23 |    28 |     1 ||    64
  Evoke: Wand              |       |       |     9 |    17 |    21 |       ||    47
         Tin of tremorston |       |       |       |     2 |     1 |     1 ||     4
         Phantom mirror    |       |       |       |       |       |     1 ||     1
    Use: Scroll            |     5 |     3 |    11 |     6 |    17 |       ||    42
         Potion            |       |       |     2 |     2 |    12 |     1 ||    17
   Stab: Sleeping          |     1 |       |       |       |       |       ||     1
         Petrified         |       |       |       |       |     2 |       ||     2
         Invisible         |       |       |       |       |     4 |       ||     4
 Armour: Animal skin       |     5 |       |       |       |       |       ||     5
         Ring mail         |    26 |    29 |       |       |       |       ||    55
         Scale mail        |       |    48 |    25 |       |       |       ||    73
         Chain mail        |       |       |    16 |       |     3 |       ||    19
         Plate armour      |       |       |   111 |   482 |  1119 |    45 ||  1757
  Dodge: Dodged            |    52 |    54 |    73 |   168 |   353 |    20 ||   720
  Block: Other             |       |       |    11 |    94 |   155 |     5 ||   265
         Reflection        |       |       |       |    10 |     9 |       ||    19

Table legend: (Time is in decaauts)
 A = Elapsed time spent in this place.
 B = Non-inter-level travel time spent in this place.
 C = Inter-level travel time spent in this place.
 D = Time resting spent in this place.
 E = Time spent auto-exploring this place.
 F = Levels seen in this place.
 G = Mean time per level.
                   A        B        C        D        E       F      G
               +--------+--------+--------+--------+--------+-----+--------+
         Total |  30013 |  29046 |    967 |   9863 |  13059 |  26 | 1154.3 |
       Dungeon |  14971 |  14415 |    556 |   2911 |   8458 |  14 | 1069.4 |
          Lair |   7883 |   7539 |    344 |   2605 |   3717 |   5 | 1576.6 |
  Orcish Mines |   4896 |   4829 |     67 |   3490 |    434 |   2 | 2448.0 |
         Abyss |    220 |    220 |      0 |      4 |     81 |   1 |  220.0 |
         Sewer |    179 |    179 |      0 |     67 |     42 |   1 |  179.0 |
        Bailey |    714 |    714 |      0 |    292 |    103 |   1 |  714.0 |
       Volcano |    708 |    708 |      0 |    368 |    111 |   1 |  708.0 |
      Gauntlet |    438 |    438 |      0 |    124 |    112 |   1 |  438.0 |
               +--------+--------+--------+--------+--------+-----+--------+

Top non-repeatable levels by time:
  Lair:5: 3093 daAuts
   Orc:2: 2461 daAuts
   Orc:1: 2434 daAuts
    D:12: 2090 daAuts
  Lair:3: 1807 daAuts
     D:9: 1750 daAuts
    D:13: 1559 daAuts
  Lair:2: 1361 daAuts
     D:6: 1238 daAuts
    D:10: 1144 daAuts
     D:7: 994 daAuts
    D:11: 990 daAuts
     D:2: 935 daAuts
  Lair:1: 934 daAuts
     D:5: 817 daAuts
